 Dungeon Crawl Stone Soup version 0.29-a0-322-g68df515428 (webtiles) character file.

Game seed: 9847635907292846297

267 Dabor the Skirmisher (level 6, -5/48 HPs)
             Began as a Demonspawn Chaos Knight on Apr 7, 2022.
             Was a Plaything of Xom.
             Slain by a bullfrog (9 damage)
             ... in a sewer.
             The game lasted 00:05:49 (2223 turns).

Dabor the Skirmisher (Demonspawn Chaos Knight)      Turns: 2223, Time: 00:05:50

Health: -5/48      AC: 12    Str: 14    XL:     6   Next: 0%
Magic:  6/6        EV: 12    Int: 14    God:    Xom [*.....]
Gold:   98         SH:  0    Dex: 14    Spells: 5/5 levels left

rFire   . . .      SeeInvis +   h - +4 mace (protect)
rCold   . . .      Faith    .   (no shield)
rNeg    . . .      Spirit   .   b - +2 leather armour
rPois   .          Reflect  .   (no helmet)
rElec   .          Harm     .   (no cloak)
rCorr   .          Rampage  .   (no gloves)
Will    .....                   d - +0 pair of boots
Stlth   +.........              (no amulet)
HPRegen 0.16/turn               g - +4 ring of protection
MPRegen 0.10/turn               (no ring)

@: unable to read, very slow
A: claws 1, yellow scales 2, foul stench 1, powered by death 1, thin skeletal
structure 1, see invisible, deformed body, inability to read while threatened
a: Renounce Religion


You were in a sewer.
You worshipped Xom.
You were a special plaything of Xom.
You visited 1 branch of the dungeon, and saw 3 of its levels.
You also visited: Sewer.

You collected 98 gold pieces.

Inventory:

Hand Weapons
 a - a +0 hand axe of chaos
 h - a +4 mace of protection (weapon)
Missiles
 i - 2 boomerangs (quivered)
Armour
 b - a +2 leather armour (worn)
 d - a +0 pair of boots (worn)
Jewellery
 g - a +4 ring of protection (left claw)
Scrolls
 e - a scroll of amnesia {unknown}
 j - a scroll of fear
 l - a scroll of fog
Miscellaneous
 c - a piece from Xom's chessboard (4/15)


   Skills:
 + Level 4.2 Fighting
 + Level 3.8 Axes
 + Level 3.2 Armour
 + Level 2.7 Dodging


You had 5 spell levels left.
You didn't know any spells.
Your spell library contained the following spells:

 Spells                   Type           Power      Damage    Failure   Level
 Foxfire                  Conj/Fire      0%         2x1d4     34%         1
 Pain                     Necr           0%         1d4       34%         1
 Conjure Flame            Conj/Fire      0%         6-21      71%         3
 Inner Flame              Hex/Fire       0%         N/A       71%         3
 Flame Wave               Conj/Fire      0%         2d4       98%         4
 Agony                    Necr           0%         N/A       100%        5
 Excruciating Wounds      Necr           0%         N/A       100%        5
 Dispersal                Tloc           0%         N/A       100%        6
 Disjunction              Tloc           0%         N/A       100%        8


Dungeon Overview and Level Annotations

Branches:
Dungeon (3/15)              Sewer (1/1)

Altars:

Shops:
D:2 (

Annotations:
D:3 Grinder


Innate Abilities, Weirdness & Mutations

You have sharp fingernails.
You are mostly covered in yellow scales. (AC +3)
You may rarely emit foul miasma when damaged in melee.
You regenerate a little health from kills.
You have a somewhat thin skeletal structure. (Dex +2, Stealth+)
You have supernaturally acute eyesight. (SInv)
Armour fits poorly on your strangely shaped body.
You sometimes lose the ability to read scrolls when taking damage.


Message History

The bullfrog barely misses you. The bullfrog misses you.
Unknown command.
Press: ? - help, v - describe, . - travel
Here: a bullfrog (moderately wounded, fast, strong, frenzied and insane) Some shallow water.
Unknown command.
Unknown command.
You miss the bullfrog.
The bullfrog is moderately wounded.
The bullfrog hits you but does no damage.
The bullfrog closely misses you. The bullfrog barely misses you.
Your unstable footing causes you to fumble your attack.
The bullfrog closely misses you.
The bullfrog hits you but does no damage.
The bullfrog closely misses you.
Your unstable footing causes you to fumble your attack.
The bullfrog hits you but does no damage.
The bullfrog hits you. The bullfrog closely misses you.
Your unstable footing causes you to fumble your attack.
The bullfrog hits you but does no damage.
The bullfrog barely misses you.
The bullfrog hits you but does no damage.
You hit the bullfrog.
Your weapon exudes an aura of protection.
The bullfrog is heavily wounded.
The bullfrog hits you but does no damage.
The bullfrog hits you. The bullfrog hits you!
* * * LOW HITPOINT WARNING * * *
You aren't carrying any potions.
You cannot read scrolls in your current state!
You can't see anything.
Try to make a move anyway?
Okay, then.
Unknown command.
Your unstable footing causes you to fumble your attack.
The bullfrog barely misses you. The bullfrog misses you. x2
Your unstable footing causes you to fumble your attack.
The bullfrog misses you.
The bullfrog hits you but does no damage.
The bullfrog hits you!
You die...

#######################
#........≈≈≈.≈≈≈≈.....##
#.≈≈≈≈≈≈≈≈≈≈≈≈≈≈≈≈≈≈≈..#
#.≈≈≈≈≈≈≈≈≈≈≈≈≈≈≈≈≈≈≈≈.#
#.≈≈≈≈≈≈≈≈≈≈≈≈≈≈≈≈≈≈≈≈†#
#≈≈≈≈.≈≈≈≈≈≈≈≈≈≈..≈≈≈≈.#
#≈########≈≈≈≈≈≈≈≈.≈≈≈.#
#≈# #≈≈@≈≈≈≈≈≈.≈≈≈.# #≈#
#≈≈≈≈F≈≈≈≈≈≈≈≈≈.# #≈#
#≈≈≈≈≈≈≈≈≈≈≈≈≈≈.# #≈#
#≈≈≈≈B≈≈≈≈≈≈≈≈≈≈†# #.#
#≈≈∩.≈.≈.†≈≈≈≈≈≈.# #≈#
#≈≈≈.≈..≈≈≈≈≈≈≈≈.# #.#
≈≈≈≈≈.≈≈≈≈≈≈≈≈≈≈.# #.#
#≈≈≈≈≈.≈≈≈≈≈≈≈≈≈≈.# ###
#.# ≈≈≈)!≈.≈≈≈≈≈≈≈.# #.#


You could see a neutral bullfrog (fast, strong, insane) and a neutral giant
cockroach (fast, strong, insane, distracted).

Vanquished Creatures
  A bullfrog (Sewer)
  Natasha (twice) (D:3)
  A river rat (D:3)
  5 adders
  3 worms
  9 orcs
  5 ball pythons
  8 bats
  An endoplasm (D:2)
  10 giant cockroaches
  6 goblins
  9 hobgoblins
  4 quokkas
  13 frilled lizards
  4 kobolds
  7 rats
88 creatures vanquished.

Notes
Turn   | Place    | Note
-------+----------+-------------------------------------------
     0 | D:1      | Dabor the Demonspawn Chaos Knight began the quest for the
                  | Orb.
     0 | D:1      | Reached XP level 1. HP: 18/18 MP: 1/1
    33 | D:1      | Reached skill level 1 in Dodging
    67 | D:1      | You fall into a shaft and drop 1 floor!
   192 | D:1      | Gained mutation: You regenerate a little health from kills.
                  | [demonic ancestry]
   192 | D:1      | Reached XP level 2. HP: 24/24 MP: 2/2
   504 | D:1      | Gained mutation: You are partially covered in yellow
                  | scales. (AC +2) [demonic ancestry]
   504 | D:1      | Reached XP level 3. HP: 26/29 MP: 3/3
   606 | D:1      | Found a faded altar of an unknown god.
   606 | D:1      | Noticed a floating eye
   609 | D:1      | Noticed a floating eye
   609 | D:1      | Noticed an eye of devastation
   609 | D:1      | Noticed a floating eye
   801 | D:2      | Found Maets's Weapon Shop.
   871 | D:2      | XOM: confuse monster(s)
  1458 | D:3      | XOM: butterfly on damage
  1459 | D:3      | Noticed Grinder
  1461 | D:3      | XOM: noise
  1464 | D:3      | XOM: smoke on damage
  1465 | D:3      | XOM: blink monster(s)
  1718 | D:2      | Gained mutation: You may rarely emit foul miasma when
                  | damaged in melee. [demonic ancestry]
  1718 | D:2      | Reached XP level 4. HP: 11/35 MP: 4/4
  1765 | D:2      | XOM: cloud trail
  1777 | D:3      | Noticed Natasha
  1782 | D:3      | Gained mutation: Armour fits poorly on your strangely
                  | shaped body. [potion of mutation]
  1782 | D:3      | Gained mutation: You have supernaturally acute eyesight.
                  | (SInv) [potion of mutation]
  1787 | D:3      | Killed Natasha
  1851 | D:3      | Noticed Natasha
  1885 | D:3      | Killed Natasha
  1886 | D:3      | Gained mutation: You are mostly covered in yellow scales.
                  | (AC +3) [demonic ancestry]
  1886 | D:3      | Reached XP level 5. HP: 16/42 MP: 5/5
  1929 | D:3      | Reached skill level 4 in Fighting
  1937 | D:3      | Found a glowing drain.
  1939 | D:3      | XOM: give mutations
  1939 | D:3      | Gained mutation: You sometimes lose the ability to read
                  | scrolls when taking damage. [Xom's mischief]
  1939 | D:3      | Gained mutation: You have a somewhat thin skeletal
                  | structure. (Dex +2, Stealth+) [Xom's mischief]
  1944 | Sewer    | Entered a sewer
  2210 | Sewer    | Gained mutation: You have sharp fingernails. [demonic
                  | ancestry]
  2210 | Sewer    | Reached XP level 6. HP: 43/48 MP: 6/6
  2214 | Sewer    | XOM: cast spell 'Discord'
  2223 | Sewer    | Slain by a bullfrog

Illustrated notes

Levels and vault maps discovered:
D:1:      ncdulo_watergridlock, layout_rooms,
          hellmonk_ecumenical_altar_watching_god, st_stairs_5
D:2:      layout_basic, serial_shops, nicolae_shop_trees, minmay_tromino_i2
D:3:      layout_loops_ring, gup_sewer_entry_bubbles, corexii_corridor_pit,
          uniq_natasha, uniq_grinder
Sewer:    sewer_frog_island_01

Skill      XL: |  1  2  3  4  5 |
---------------+----------------+-----
Dodging        | 1 2 |  2.7
Armour         | 2 3 |  3.2
Axes           | 3 |  3.8
Fighting       | 4 |  4.2

Action                   |  1- 3 |  4- 6 || total
-------------------------+-------+-------++-------
Melee: Hand axe          |    43 |    10 ||    53
       Mace              |    75 |   119 ||   194
       Punch             |     1 |     1 ||     2
Throw: Boomerang         |       |    25 ||    25
Evoke: Piece from Xom's  |     1 |    14 ||    15
  Use: Potion            |       |     5 ||     5
       Scroll            |       |     3 ||     3
 Stab: Petrified         |       |     3 ||     3
       Paralysed         |       |     2 ||     2
       Sleeping          |       |     1 ||     1
Armor: Leather armour    |    53 |    97 ||   150
Dodge: Dodged            |    79 |   131 ||   210

Table legend: (Time is in decaauts)
 A = Elapsed time spent in this place.
 B = Non-inter-level travel time spent in this place.
 C = Inter-level travel time spent in this place.
 D = Time resting spent in this place.
 E = Time spent auto-exploring this place.
 F = Levels seen in this place.
 G = Mean time per level.
                   A        B        C        D        E       F      G
               +--------+--------+--------+--------+--------+-----+--------+
         Total |   2377 |   2258 |    119 |    287 |   1221 |   4 |  594.2 |
       Dungeon |   2044 |   1925 |    119 |    237 |   1102 |   3 |  681.3 |
         Sewer |    333 |    333 |      0 |     50 |    118 |   1 |  333.0 |
               +--------+--------+--------+--------+--------+-----+--------+

Top non-repeatable levels by time:
     D:2: 1116 daAuts
     D:1: 657 daAuts
   Sewer: 333 daAuts
     D:3: 270 daAuts
